 Dungeon Crawl Stone Soup version 0.17-a0-1882-g750edc8 (webtiles) character file.

25 ololoev the Chopper (level 2, -3/27 HPs)
             Began as a Deep Dwarf Berserker on Sept 22, 2015.
             Was a Follower of Trog.
             Slain by a centaur (5 damage)
             ... on level 3 of the Dungeon.
             The game lasted 00:04:26 (447 turns).

ololoev the Chopper (Deep Dwarf Berserker)           Turns: 447, Time: 00:04:26

Health: -3/27      AC:  6    Str: 20    XL:     2   Next: 86%
Magic:  2/2        EV: 11    Int:  7    God:    Trog [*.....]
Gold:   61         SH:  0    Dex: 12    Spells: 0 memorised, 1 level left

rFire  . . .     SeeInvis .     a - +0 hand axe
rCold  . . .     Clarity  .     e - +0 scale mail
rNeg   . . .     SustAt   .     (no shield)
rPois  .         Gourm    .     (no helmet)
rElec  .         Spirit   .     (no cloak)
rCorr  .         Warding  .     (no gloves)
rMut   .         Stasis   .     (no boots)
MR     .....                    (no amulet)
Stlth  ..........               (no ring)
                                (no ring)

@: non-regenerating, not resistant to hostile enchantments, extremely unstealthy
A: damage resistance, recharge devices, sense surroundings 1, slow healing 3
a: Device Recharging, Burn Spellbooks, Berserk, Renounce Religion


Innate Abilities, Weirdness & Mutations

You are resistant to damage.
You can recharge devices by infusing magical energy.
You passively map a small area around you.
You do not heal naturally.

Inventory:

Hand weapons
 a - a +0 hand axe (weapon)
Armour
 e - a +0 scale mail (worn)
Magical devices
 c - a wand of heal wounds (5)
Scrolls
 b - a scroll of fear {unknown}
 i - a scroll of random uselessness {unknown}
 j - a scroll of identify {unknown}
 k - a scroll of immolation {unknown}
Potions
 f - a potion of magic {unknown}
Comestibles
 d - 3 bread rations
 g - a fruit
 h - a meat ration


   Skills:
 - Level 2.6 Fighting
 * Level 3.9 Axes
 + Level 2.5 Armour
 + Level 2.9 Dodging


You had one spell level left.
You didn't know any spells.


You were on level 3 of the Dungeon.
You worshipped Trog.
Trog was aware of your devotion.
You were not hungry.

You visited 1 branch of the dungeon, and saw 3 of its levels.

You collected 61 gold pieces.

,, ..####. #........#
....... #........#
......# #........# , ,
,......####........#*,
, * , #....'........#*
* , #..###........# ,
#..# ##'######## * ,
*#..####......... * ,
#c@(.##..###### * ,,,
#..#.##......# *
#.##.###.###.# ...##.#
#.# #.# , ,, ,#...##.#
#.# #.# * ......#.#
#.# #.# .....>.#.# #.#
#.# .....#.#.. #.# #.#
*.%.... ...# #.* #.#

Notes
Turn   | Place    | Note
--------------------------------------------------------------
     0 | D:1      | ololoev the Deep Dwarf Berserker began the quest for the Orb.
     0 | D:1      | Reached XP level 1. HP: 20/20 MP: 1/1
   162 | D:1      | Reached XP level 2. HP: 25/27 MP: 2/2
   219 | D:2      | Found a sacrificial altar of Ru.
   294 | D:2      | Found a faded altar to an unknown god.
   322 | D:2      | Found a snail-covered altar of Cheibriados.
   434 | D:3      | Noticed a centaur
   447 | D:3      | Slain by a centaur

Dungeon Overview and Level Annotations

Branches:
Dungeon (3/15)

Altars:
Cheibriados
Ru


Message History

Things that are here:
an orc corpse x2
You open the door.
A giant newt comes into view.
You hit the giant newt.
You kill the giant newt!
Trog accepts your kill.
A rat comes into view.
There is an open door here.
You open the door. The rat barely misses you.
There is an open door here.
Found a stone staircase leading down.
A centaur comes into view.
The centaur wields a shortbow.
The centaur shoots an arrow.
The arrow hits you.
You see here an arrow.
The centaur shoots an arrow.
The arrow closely misses you.
Found 3 fruits.
The centaur shoots an arrow.
The arrow hits you. The rat bites you but does no damage.
The centaur shoots an arrow.
The arrow hits you.
You see here 4 arrows.
The rat closely misses you. The rat bites you but does no damage.
The rat barely misses you. The rat closely misses you.
The rat closely misses you.
You hit the rat.
You kill the rat!
Trog accepts your kill.
The centaur shoots an arrow.
The arrow closely misses you.
The centaur shoots an arrow.
The arrow hits you!
Things that are here:
an arrow; a rat corpse The centaur unwields an uncursed shortbow.
The centaur hits you.
You see here 4 arrows.
You barely miss the centaur. The centaur barely misses you.
The centaur hits you.
You die...

You could see a centaur.

Vanquished Creatures
  5 orcs (D:3)
  3 goblins (D:1)
  3 hobgoblins (D:1)
  2 kobolds
  A giant newt (D:3)
  5 rats
19 creatures vanquished.

Action                   || total
-------------------------++-------
Melee: Hand axe          ||    74

Vault maps used:
D:1:      zelgadis_glass_arrival_small, nrook_mini_vaults
D:2:      lemuel_doored_altar, lemuel_coloured_pillars_altar,
          cheibriados_altar_1, nicolae_overflow_hidden_temple,
          ecumenical_altar_1, first_bread, kennysheep_boxes
D:3:      nemelex_deck, uniq_iyjb
